AoeStats
← calexzp

Black Forest

508814211Analyzed
2v2 RM · 9d ago on Sep 24, 2026· 55m 7s· 4 players
Game mode
Random Map
Map size
Medium (4 player)
Population
200
Speed
Normal
Resources
Standard
Victory
Conquest
Starting age
Dark Age
Ending age
Imperial Age
RankedLock teamsTeams togetherTeam positionsShared explorationLock speedFull tech treeHidden civsTurbo modeCheats
Victory
Defeat
🇲🇽 Cumans · Mexico
813
+12
🇲🇽 Japanese · Mexico
812
+11
🇲🇽 Koreans · Mexico
727
-12
🇲🇽 Danes · Mexico
704
-11
FeltoxTTV
1:26 Loom
12:49 Feudal Age
13:16 Double-Bit Axe
13:28 Horse Collar
14:51 Fishing Lines
31:34 Castle Age
34:29 Bow Saw
40:40 Husbandry
40:50 Bloodlines
43:27 Gillnets
52:23 Masonry
52:35 Ballistics
53:22 Ballistics
56:08 Imperial Age
54:16 Wheelbarrow
Angeeelz0
11:49 Feudal Age
13:50 Man-at-Arms
21:54 Double-Bit Axe
32:24 Castle Age
34:51 Bow Saw
37:47 Fletching
39:50 Husbandry
43:22 Bodkin Arrow
43:33 Scale Barding Armor
43:29 Scale Mail Armor
45:04 Long Swordsman
56:46 Imperial Age
GENTE DEL CDN
10:29 Loom
12:21 Feudal Age
12:52 Feudal Age
13:22 Double-Bit Axe
15:56 Man-at-Arms
17:08 Scale Mail Armor
17:44 Forging
17:51 Loom
18:48 Horse Collar
25:01 Castle Age
23:13 Fishing Lines
23:40 Stone Mining
26:21 Wheelbarrow
27:51 Hand Cart
28:51 Fletching
29:02 Padded Archer Armor
30:03 Heavy Plow
30:16 Bow Saw
35:15 Gold Mining
35:40 Elite Skirmisher
40:19 Imperial Age
39:04 Leather Archer Armor
40:48 Iron Casting
41:01 Gold Shaft Mining
41:10 Chain Mail Armor
42:16 Two-Man Saw
41:56 Conscription
43:14 Pikeman
44:58 Blast Furnace
44:30 Plate Mail Armor
46:25 Elite Samurai
47:07 Bodkin Arrow
48:08 Ring Archer Armor
48:32 Bracer
49:36 Ballistics
50:18 Chemistry
49:29 Masonry
49:00 Treadmill Crane
49:02 Halberdier
51:50 Kataparuto
54:38 Thumb Ring
calexzp
7:13 Loom
12:06 Feudal Age
23:59 Stone Mining
24:01 Gold Mining
23:55 Horse Collar
24:23 Double-Bit Axe
27:20 Wheelbarrow
28:14 Town Watch
31:11 Castle Age
30:07 Forging
30:56 Bloodlines
30:59 Scale Barding Armor
31:41 Fletching
32:39 Hand Cart
32:29 Town Patrol
33:11 Gold Shaft Mining
32:40 Heavy Plow
32:51 Bow Saw
36:06 Imperial Age
36:08 Cavalier
37:30 Iron Casting
37:16 Chain Barding Armor
36:53 Bodkin Arrow
38:16 Conscription
37:40 Paladin
39:26 Blast Furnace
40:40 Ballistics
40:23 Murder Holes
41:49 Chemistry
49:22 Onager
50:14 Light Cavalry
52:32 Hussar
Connection lost

Rejoining the realm…

Still unreachable

The connection could not be restored.

Session expired

The server has moved on; the page needs a fresh start.